 Dungeon Crawl Stone Soup version 0.18-a0-1195-g77a4f03 (webtiles) character file.

989 Kidiri the Magician (level 7, -7/38 HPs)
             Began as a Deep Elf Wizard on Jan 29, 2016.
             Was a Follower of Sif Muna.
             Mangled by an unseen horror (10 damage)
             ... on level 5 of the Dungeon.
             The game lasted 00:28:06 (6852 turns).

Kidiri the Magician (Deep Elf Wizard)               Turns: 6852, Time: 00:28:07

Health: -7/38      AC:  3    Str:  4    XL:     7   Next: 98%
Magic:  11/18      EV: 13    Int: 25    God:    Sif Muna [*.....]
Gold:   246        SH:  0    Dex: 13    Spells: 7 memorised, 3 levels left

rFire  . . .     SeeInvis .     f - +2 short sword (speed)
rCold  + . .     Gourm    .     s - +0 leather armour
rNeg   . . .     Faith    .     (no shield)
rPois  .         Spirit   .     b - +0 hat
rElec  .         Dismiss  .     (no cloak)
rCorr  .         Reflect  .     (no gloves)
SustAt .         Harm     .     (no boots)
MR     .....                    (no amulet)
Stlth  ++........               (no ring)
                                i - ring of protection from cold

@: very slightly contaminated, repel missiles, invisible, not resistant to
hostile enchantments, unstealthy
A: wild magic 1
a: Channel Energy, Renounce Religion


You were on level 5 of the Dungeon.
You worshipped Sif Muna.
Sif Muna was aware of your devotion.
You were not hungry.

You visited 1 branch of the dungeon, and saw 5 of its levels.

You collected 246 gold pieces.

Inventory:

Hand Weapons
 f - a +2 short sword of speed (weapon)
Armour
 b - a +0 hat (worn)
 r - a cursed -1 shield
 s - a +0 leather armour (worn)
Jewellery
 i - a ring of protection from cold (left hand)
Scrolls
 g - a scroll of amnesia
 h - 2 scrolls of fear
 j - 2 scrolls of teleportation
 o - a scroll of magic mapping
 q - 2 scrolls of fog
 u - a scroll of remove curse
Potions
 k - a potion of lignification
 n - a potion of cancellation
 p - a potion of brilliance
Books
 c - a book of Minor Magic

   Spells                             Type                      Level
   a - Magic Dart                     Conjuration                  1
   b - Blink                          Translocation                2
   c - Call Imp                       Summoning                    2
   d - Repel Missiles                 Charms/Air                   2
   e - Slow                           Hexes                        2
   f - Conjure Flame                  Conjuration/Fire             3
   g - Mephitic Cloud                 Conjuration/Poison/Air       3
Comestibles
 d - 7 chunks of flesh


   Skills:
 + Level 1.3 Fighting
 * Level 1.2 Armour
 * Level 4.6 Dodging
 + Level 3.6 Stealth
 + Level 1.8 Shields
 * Level 6.4 Spellcasting
 + Level 2.6 Conjurations
 + Level 2.2 Hexes
 + Level 3.1 Charms
 + Level 2.8 Summonings
 + Level 2.3 Translocations
 + Level 1.6 Fire Magic
 + Level 2.0 Air Magic
 + Level 0.9 Poison Magic
 + Level 1.5 Invocations


You had 3 spell levels left.
You knew the following spells:

 Your Spells              Type           Power        Failure   Level  Hunger
a - Magic Dart            Conj           ####         11%         1    None
b - Blink                 Tloc           N/A          19%         2    None
c - Call Imp              Summ           ####....     19%         2    None
d - Repel Missiles        Chrm/Air       ####..       19%         2    None
e - Slow                  Hex            ####....     19%         2    None
f - Conjure Flame         Conj/Fire      ####....     30%         3    None
g - Mephitic Cloud        Conj/Pois/Air  ####....     34%         3    None


Dungeon Overview and Level Annotations

Branches:
Dungeon (5/15)
 Temple: D:4-7

Altars:
Makhleb
Pakellas
Sif Muna
Zin

Shops:
D:5 =

Annotations:
D:3 yogakurto's ghost, amateur MiFi


Innate Abilities, Weirdness & Mutations

Your spells are a little harder to cast, but a little more powerful.


Message History

Unknown command.
You swap places.
Something hits you.
* * * LOW HITPOINT WARNING * * *
Something hits you!
* * * LOW HITPOINT WARNING * * *
The jackal barely misses your shadow imp.
The jackal barely misses you.
Unknown command.
Unknown command.
Drink which item? (? for menu, Esc to quit)
You fade into invisibility!
Something closely misses your shadow imp.
Something misses your shadow imp. The jackal closely misses you.
Something hits your shadow imp but does no damage.
Your shadow imp barely misses something.
The jackal misses you. x2; The jackal bites your shadow imp.
Your shadow imp dies!
You are very lightly contaminated with residual magic.
Something hits you!
You die...

.... ....+ .... #...# ..
### ..... #...#
..######..
.....##...######........
...†......#....#........
.......h..#....#........
......hh..#....#........
...####.####...#........
####@####...#####'##.
#.............#....#.
+.............'....#.
#.............#....+.
#..#+####+##+#######.
### ..)... ...... ......
......


You could see 3 jackals.

Vanquished Creatures
  The ghost of musteatbrain the Magician, an amateur DsWz (D:4)
  A sky beast (D:5)
  2 ogres (D:4)
  A crimson imp (D:4)
  A hound (D:4)
  A jelly (D:5)
  3 orc wizards
  An iguana (D:4)
  2 worker ants
  5 adders
  2 adder skeletons (D:5)
  3 giant geckos
  12 orcs
  3 ball pythons
  A giant cockroach (D:3)
  13 goblins
  7 hobgoblins
  A jackal (D:1)
  7 kobolds
  2 quokkas
  13 bats
  5 giant newts
  5 rats
92 creatures vanquished.

Vanquished Creatures (collateral kills)
  A sky beast (D:5)
  A phantom (D:4)
  A black bear (D:4)
  A centaur skeleton (D:4)
  A hound (D:4)
  A giant frog skeleton (D:4)
  A worker ant (D:4)
  3 orcs
  3 jackals (D:1)
  A rat (D:1)
14 creatures vanquished.

Grand Total: 106 creatures vanquished

Notes
Turn   | Place    | Note
--------------------------------------------------------------
     0 | D:1      | Kidiri the Deep Elf Wizard began the quest for the Orb.
     0 | D:1      | Reached XP level 1. HP: 10/10 MP: 7/7
   174 | D:1      | Reached XP level 2. HP: 15/15 MP: 6/9
   196 | D:1      | Learned a level 2 spell: Blink
   199 | D:1      | Learned a level 2 spell: Call Imp
   202 | D:1      | Learned a level 2 spell: Repel Missiles
   205 | D:1      | Learned a level 2 spell: Slow
   796 | D:1      | Reached XP level 3. HP: 19/19 MP: 2/11
  1490 | D:2      | Found a deep blue altar of Sif Muna.
  1543 | D:2      | Reached skill level 5 in Spellcasting
  1548 | D:2      | Learned a level 3 spell: Conjure Flame
  1571 | D:2      | Reached XP level 4. HP: 24/24 MP: 7/13
  2135 | D:3      | HP: 1/24 [orc/club (7)]
  2840 | D:3      | Noticed yogakurto's ghost (amateur MiFi)
  3169 | D:3      | Found a burning altar of Makhleb.
  3172 | D:3      | Found a glowing silver altar of Zin.
  3172 | D:3      | Noticed a blizzard demon
  3172 | D:3      | Noticed an angel
  3452 | D:4      | Noticed musteatbrain's ghost (amateur DsWz)
  3532 | D:3      | Reached skill level 1 in Hexes
  3655 | D:2      | Became a worshipper of Sif Muna the Loreminder
  3739 | D:4      | Reached XP level 5. HP: 28/28 MP: 7/14
  3980 | D:4      | Reached skill level 1 in Charms
  4060 | D:4      | Found an oddly glowing altar of Pakellas.
  4125 | D:4      | Noticed a black bear
  4132 | D:4      | Killed a black bear
  4132 | D:4      | Reached skill level 1 in Fighting
  4132 | D:4      | Reached skill level 1 in Air Magic
  4264 | D:4      | Noticed a phantom
  4306 | D:4      | Killed a phantom
  4306 | D:4      | Reached skill level 1 in Shields
  4306 | D:4      | Reached skill level 1 in Fire Magic
  4306 | D:4      | Reached XP level 6. HP: 16/34 MP: 2/16
  4497 | D:4      | Learned a level 3 spell: Mephitic Cloud
  4758 | D:4      | Killed musteatbrain's ghost
  4949 | D:4      | Reached skill level 1 in Invocations
  5053 | D:4      | Reached XP level 7. HP: 8/38 MP: 6/17
  5627 | D:4      | Reached skill level 6 in Spellcasting
  5707 | D:4      | Reached skill level 1 in Armour
  6085 | D:5      | Entered Level 5 of the Dungeon
  6137 | D:5      | Reached * piety under Sif Muna
  6428 | D:5      | Found Aleps's Jewellery Shoppe.
  6485 | D:5      | Gained mutation: Your spells are a little harder to cast, but a little more powerful. [mutagenic meat]
  6852 | D:5      | Mangled by an unseen horror

Vault maps used:
D:1:      eino_arrival_water_cross
D:2:      marbit_many_paths, first_bread
D:3:      grunt_temple_overflow_order_and_chaos_2
D:4:      grunt_pakellas_basics
D:5:      serial_shops, nicolae_shop_window_shopping, minmay_misc_feat_plants

Action                   |  1- 3 |  4- 6 |  7- 9 || total
-------------------------+-------+-------+-------++-------
Melee: Dagger            |    10 |    17 |    44 ||    71
       Short sword       |       |     3 |       ||     3
 Cast: Magic Dart        |    84 |   124 |    84 ||   292
       Call Imp          |     2 |    24 |    10 ||    36
       Repel Missiles    |     1 |       |       ||     1
       Conjure Flame     |       |     2 |     1 ||     3
       Mephitic Cloud    |       |       |     7 ||     7
  Use: Scroll            |     3 |    10 |     2 ||    15
       Potion            |       |     2 |     3 ||     5
 Stab: Sleeping          |       |     3 |       ||     3
       Distracted        |       |     1 |       ||     1
       Confused          |       |       |     2 ||     2
  Eat: Chunk             |     2 |     3 |     3 ||     8
       Bread ration      |       |     1 |     1 ||     2
       Pizza             |       |     1 |     1 ||     2
       Beef jerky        |       |     1 |       ||     1
